 Dungeon Crawl Stone Soup version 0.29.1-13-g9f3cf754e1 (webtiles) character file.

Game seed: 12357637885408228116

569 shadowmeld the Insei (level 7, -5/49 HPs)
             Began as a Djinni Transmuter on Jan 28, 2023.
             Splashed by a jelly's acid (7 damage)
             ... on level 4 of the Dungeon.
             The game lasted 00:22:17 (4065 turns).

shadowmeld the Insei (Djinni Transmuter)            Turns: 4065, Time: 00:22:19

Health: -5/49      AC: -5    Str: 11    XL:     7   Next: 60%
Gold:   166        EV: 11    Int: 14    God:
                   SH:  0    Dex: 14

rFire   + . .      SeeInvis .     - Unarmed
rCold   . . .      Faith    .   (no shield)
rNeg    . . .      Spirit   .   t - +0 ring mail {Will+}
rPois   ∞          Reflect  .   (no helmet)
rElec   .          Harm     .   r - +0 cloak {Stlth+}
rCorr   .          Rampage  .   (no gloves)
Will    +....                   (boots unavailable)
Stlth   ++........              (no amulet)
HPRegen 0.16/turn               s - ring of ice
MPRegen 0.00/turn               (no ring)

@: about to teleport, corroded, flying
A: sickness immunity, fire resistance 2, cold vulnerability 1, float, innate
caster, HP casting, extra vitality 1
a: no special abilities


You were on level 4 of the Dungeon.
You visited 1 branch of the dungeon, and saw 4 of its levels.

You collected 166 gold pieces.

Inventory:

Hand Weapons
 q - a +4 quarterstaff of chaos
Armour
 d - a +0 ring mail
 r - a +0 cloak of stealth (worn)
 t - a +0 ring mail of willpower (worn)
Jewellery
 s - a ring of ice (left hand)
Wands
 f - a wand of paralysis (7) (quivered)
Scrolls
 a - a scroll of fear {unknown}
 b - a scroll of butterflies {unknown}
 g - a scroll of blinking {unknown}
 j - a scroll of teleportation
 k - a scroll of noise {unknown}
 n - a scroll of amnesia {unknown}
 p - a scroll of brand weapon {unknown}
 u - a scroll of enchant armour {unknown}
Potions
 c - 3 potions of curing
 e - a potion of attraction
 h - a potion of invisibility
 i - a potion of brilliance
 l - a potion of mutation
 m - a potion of cancellation {unknown}
 o - a potion of heal wounds {unknown}


   Skills:
 * Level 2.3 Fighting
 * Level 3.2 Armour
 * Level 3.8 Dodging
 * Level 5.8 Unarmed Combat
 * Level 2.4 Spellcasting


You couldn't memorise any spells.
You knew the following spells:

 Your Spells              Type           Power      Damage    Failure   Level
a - Beastly Appendage     Tmut           16%        N/A       19%         1
b - Wereblood             Tmut           8%         N/A       28%         2
c - Spider Form           Tmut/Pois      8%         N/A       50%         3
d - Ice Form              Ice/Tmut       12%        N/A       88%         4
e - Apportation           Tloc           16%        N/A       19%         1
f - Static Discharge      Conj/Air       8%         3-4/arc   28%         2
g - Vampiric Draining     Necr           8%         2d6       50%         3
Your spell library was empty.

Dungeon Overview and Level Annotations

Branches:
Dungeon (4/15)
 Temple: D:4-7

Altars:


Innate Abilities, Weirdness & Mutations

You are immune to sickness and miasma.
You are immune to poison.
Your flesh is very heat resistant. (rF++)
You are vulnerable to cold. (rC-)
You float through the air rather than walking.
You learn spells naturally, not from books.
Your magical power is your life essence.
You have superior vitality. (+4 MHP)


Message History

A jelly comes into view.
You see here a potion of curing.
You see here a potion of curing.
c - 5 potions of curing (gained 1)
The jelly quivers.
You hit the jelly. The acid corrodes you!
Your hands burn!
The jelly is lightly wounded.
The jelly barely misses you.
You hit the jelly.
Your hands burn!
The jelly is moderately wounded.
The jelly hits you. The acid corrodes you!
You are splashed with acid.
You hit the jelly.
Your hands burn!
The jelly is moderately wounded.
The jelly hits you. The acid corrodes you!
You are splashed with acid!
* * * LOW HITPOINT WARNING * * *
The jelly hits you.
* * * LOW HITPOINT WARNING * * *
You are splashed with acid.
* * * LOW HITPOINT WARNING * * *
The jelly attacks as you move away! The jelly barely misses you.
You feel better. The jelly closely misses you.
You hit the jelly but do no damage.
Your hands burn!
* * * LOW HITPOINT WARNING * * *
You punch the jelly, but do no damage.
The jelly is moderately wounded.
The jelly hits you.
* * * LOW HITPOINT WARNING * * *
You are splashed with acid!
* * * LOW HITPOINT WARNING * * *
You feel better. The jelly closely misses you.
As you read the scroll of teleportation, it crumbles to dust.
You feel strangely unstable. The jelly hits you.
* * * LOW HITPOINT WARNING * * *
You are splashed with acid!
* * * LOW HITPOINT WARNING * * *
The jelly attacks as you move away! The jelly barely misses you.
The jelly attacks as you move away! The jelly hits you.
* * * LOW HITPOINT WARNING * * *
The acid corrodes you!
You are splashed with acid!
You die...

...#.##.#)#.##)#.#........
..........#.<#.#.#.#####..
..........#..#.#.#........
##.#.#.##.#.........####.#
........#^##.######.#
#......#.......[...#
#.#.............#..#
##.#................#
...............J@...#
.#.#...###..............
.......# ###############
.#.#.#.# .....#...
.#.####### .#.# .#.#


You could see a jelly.

Vanquished Creatures
  Grinder (D:3)
  A scorpion (D:4)
  Crazy Yiuf (D:3)
  2 orc priests (D:4)
  Terence (D:3)
  Natasha (thrice) (D:3)
  5 adders
  A gnoll (D:1)
  2 dart slugs (D:1)
  7 orcs
  7 bats
  4 endoplasms
  8 giant cockroaches
  3 goblins
  3 hobgoblins
  3 jackals (D:1)
  3 quokkas
  5 ball pythons
  2 frilled lizards (D:1)
  5 kobolds
  9 rats
76 creatures vanquished.

Vanquished Creatures (others)
  4 fungi (D:3)
4 creatures vanquished.

Grand Total: 80 creatures vanquished

Notes
Turn   | Place    | Note
-------+----------+-------------------------------------------
     0 | D:1      | shadowmeld the Djinni Transmuter began the quest for the
                  | Orb.
     0 | D:1      | shadowmeld set off with the following spells memorised:
                  | Beastly Appendage, Wereblood, Spider Form, Ice Form.
     0 | D:1      | Reached XP level 1. HP: 17/17 MP: 0/0
   178 | D:1      | Reached XP level 2. HP: 19/22 MP: 0/0
   460 | D:1      | Reached XP level 3. HP: 25/27 MP: 0/0
   460 | D:1      | Learned a level 1 spell: Apportation
   629 | D:1      | Reached skill level 1 in Armour
   858 | D:2      | Reached XP level 4. HP: 32/32 MP: 0/0
   898 | D:2      | Reached skill level 4 in Unarmed Combat
  1699 | D:3      | Noticed Grinder
  1701 | D:3      | Paralysed by Grinder for 2 turns
  1714 | D:3      | Paralysed by Grinder for 4 turns
  1715 | D:3      | HP: 1/48 [Grinder (6)]
  1719 | D:3      | Killed Grinder
  1720 | D:3      | Reached skill level 5 in Unarmed Combat
  1720 | D:3      | Reached XP level 5. HP: 3/38 MP: 0/0
  1720 | D:3      | Learned a level 2 spell: Static Discharge
  1720 | D:3      | Reached XP level 6. HP: 3/43 MP: 0/0
  2134 | D:3      | Noticed Natasha
  2144 | D:3      | Killed Natasha
  2237 | D:3      | Found a runed translucent door.
  2238 | D:3      | Noticed Crazy Yiuf
  2246 | D:3      | Killed Crazy Yiuf
  2729 | D:3      | Noticed Natasha
  2746 | D:3      | Killed Natasha
  2747 | D:3      | Reached XP level 7. HP: 23/49 MP: 0/0
  2747 | D:3      | Learned a level 3 spell: Vampiric Draining
  2949 | D:3      | Noticed Natasha
  2970 | D:3      | Killed Natasha
  3260 | D:3      | Noticed Terence
  3270 | D:3      | Killed Terence
  4065 | D:4      | HP: 2/49 [jelly (2)]
  4065 | D:4      | Splashed by a jelly's acid

Illustrated notes

Levels and vault maps discovered:
D:1:      dpeg_arrival_rooms_with_view, layout_loops_ring,
          nicolae_figureground_pulse
D:2:      layout_rooms
D:3:      layout_loops_ring, uniq_terence, uniq_crazy_yiuf_cottage,
          uniq_natasha, uniq_grinder
D:4:      layout_basic, lemuel_mausoleum_altar_yredelemnul

Skill      XL: |  1  2  3  4  5  6  7 |
---------------+----------------------+-----
Armour         | 1 2 3 |  3.2
Unarmed Combat | 5 |  5.8
Fighting       | 2 |  2.3
Dodging        | 3 |  3.8
Spellcasting   | 2 |  2.4

Action                   |  1- 3 |  4- 6 |  7- 9 || total
-------------------------+-------+-------+-------++-------
Melee: Unarmed           |   106 |   192 |   112 ||   410
       Punch             |     1 |     7 |     3 ||    11
       Headbutt          |       |     2 |       ||     2
 Cast: Beastly Appendage |       |     1 |       ||     1
  Use: Potion            |       |     1 |     2 ||     3
       Scroll            |       |     6 |     1 ||     7
 Stab: Sleeping          |       |     1 |     1 ||     2
Armor: Ring mail         |    42 |    71 |    26 ||   139
       Skin              |       |     9 |       ||     9
Dodge: Dodged            |    51 |   118 |    47 ||   216
